[Event "FIDE World Junior U20-ch Girls 2025"]
[Site "Petrovac"]
[Date "2025.02.28"]
[Round "4.19"]
[White "Rakshitta Ravi"]
[Black "Sneha Halder"]
[Result "1-0"]
[Annotator "ChessBase"]
[ECO "C11"]
[WhiteElo "2365"]
[BlackElo "2065"]
[PlyCount "73"]
[EventDate "2025.02.23"]
[EventType "swiss"]
[EventCountry "MNE"]
[SourceTitle "playchess.com"]
[Source "ChessBase"]
[SourceQuality "1"]
[TimeControl "40/5400+30:1800+30"]

1. e4 e6 2. d4 d5 3. Nc3 Nf6 4. Bd3 Bb4 5. e5 Nfd7 6. Qg4 g6 7. Bg5 Be7 8. h4 h6 9. Bxe7 Qxe7 10. h5 g5 11. f4 a6 12. fxg5 Qxg5 13. Qxg5 hxg5 14. Nce2 c5 15. c3 Nc6 16. Nf3 cxd4 17. cxd4 g4 18. Nd2 f6 19. exf6 Nxf6 20. O-O-O Bd7 21. Rde1 Rc8 22. Kb1 Ke7 23. Nf4 Kd6 24. Nb3 e5 25. Ng6 Rhe8 26. Ref1 Ne4 27. Bxe4 dxe4 28. d5 Kxd5 29. h6 Nb4 30. Rd1+ Ke6 31. h7 Bb5 32. a3 Bd3+ 33. Ka1 Nc2+ 34. Ka2 Bc4 35. Rh6 Kf5 36. Rd6 Nd4 37. Rh5# 1-0

[Event "FIDE World Junior U20-ch Girls 2025"]
[Site "Petrovac"]
[Date "2025.02.28"]
[Round "4.20"]
[White "Khamdamova, Afruza"]
[Black "Shohradova, Lala"]
[Result "1-0"]
[Annotator "ChessBase"]
[ECO "C16"]
[WhiteElo "2354"]
[BlackElo "2025"]
[PlyCount "111"]
[EventDate "2025.02.23"]
[EventType "swiss"]
[EventCountry "MNE"]
[SourceTitle "playchess.com"]
[Source "ChessBase"]
[SourceQuality "1"]
[TimeControl "40/5400+30:1800+30"]

1. e4 e6 2. d4 d5 3. Nc3 Bb4 4. e5 Ne7 5. a3 Bxc3+ 6. bxc3 b6 7. Qg4 Ng6 8. h4 h5 9. Qg3 Ba6 10. Bxa6 Nxa6 11. Bg5 Qd7 12. Ne2 Qa4 13. Qd3 c5 14. O-O Rc8 15. f4 Nc7 16. f5 exf5 17. Qxf5 O-O 18. g4 Qc4 19. Rf2 cxd4 20. cxd4 Nb5 21. e6 Nh8 22. Be7 Nxd4 23. Nxd4 Qxd4 24. Raf1 hxg4 25. Bxf8 Rxf8 26. Kg2 g6 27. exf7+ Rxf7 28. Qe6 Qe4+ 29. Qxe4 dxe4 30. Rxf7 Nxf7 31. Rf6 Kg7 32. Re6 Nh6 33. Rxe4 Nf5 34. Kf2 g3+ 35. Kf3 Kf6 36. c3 Kg7 37. Kg2 Kh6 38. Kh3 Kg7 39. Ra4 a5 40. Re4 Kf6 41. a4 Nd6 42. Rg4 Kf5 43. Rg5+ Kf6 44. Rxg3 Ne4 45. Rf3+ Kg7 46. Kg4 Kh6 47. c4 Nc5 48. Rf6 Nxa4 49. h5 Nb2 50. Rxg6+ Kh7 51. Rc6 Nd3 52. Kg5 Ne5 53. Rc7+ Kg8 54. Kf6 Ng4+ 55. Kf5 Ne3+ 56. Kg6 1-0

[Event "FIDE World Junior U20-ch Girls 2025"]
[Site "Petrovac"]
[Date "2025.02.28"]
[Round "4.21"]
[White "Orian, Noga"]
[Black "Vujatovic, Irina"]
[Result "1-0"]
[Annotator "ChessBase"]
[ECO "D35"]
[WhiteElo "2210"]
[BlackElo "2042"]
[PlyCount "101"]
[EventDate "2025.02.23"]
[EventType "swiss"]
[EventCountry "MNE"]
[SourceTitle "playchess.com"]
[Source "ChessBase"]
[SourceQuality "1"]
[TimeControl "40/5400+30:1800+30"]

1. d4 d5 2. c4 e6 3. Nc3 Nf6 4. cxd5 exd5 5. Bg5 Nbd7 6. e3 h6 7. Bh4 Be7 8. Bd3 O-O 9. Qc2 c6 10. Nge2 Re8 11. O-O a5 12. f3 b5 13. a3 Ba6 14. Bf2 Qb6 15. Rac1 b4 16. Na4 Bxd3 17. Nxb6 Bxc2 18. Nxa8 Bd3 19. Nc7 Rc8 20. Nf4 Bxf1 21. Ncxd5 Nxd5 22. Nxd5 Bd6 23. Kxf1 bxa3 24. bxa3 Bxa3 25. Rc4 Kh7 26. Be1 Bd6 27. Bxa5 Ra8 28. Rxc6 Bxh2 29. Bc7 Ra1+ 30. Ke2 Ra2+ 31. Kd3 Rxg2 32. Bxh2 Rxh2 33. Rc7 Nf8 34. Rxf7 Ne6 35. f4 h5 36. Re7 Nf8 37. f5 Kh6 38. Ke4 h4 39. Kf3 h3 40. Kg3 Rh1 41. Nf4 Nh7 42. Nxh3 Nf6 43. Nf2 Rg1+ 44. Kf3 Kh5 45. e4 Kh4 46. d5 Rg3+ 47. Ke2 Rg2 48. d6 g5 49. d7 Nxd7 50. Rxd7 Kg3 51. Rd3+ 1-0

[Event "FIDE World Junior U20-ch Girls 2025"]
[Site "Petrovac"]
[Date "2025.02.28"]
[Round "4.22"]
[White "Mrittika Mallick"]
[Black "Peglau, Charis"]
[Result "1/2-1/2"]
[Annotator "ChessBase"]
[ECO "B00"]
[WhiteElo "2058"]
[BlackElo "2203"]
[PlyCount "101"]
[EventDate "2025.02.23"]
[EventType "swiss"]
[EventCountry "MNE"]
[SourceTitle "playchess.com"]
[Source "ChessBase"]
[SourceQuality "1"]
[TimeControl "40/5400+30:1800+30"]

1. e4 d6 2. d4 g6 3. Nc3 a6 4. a4 Bg7 5. Bf4 Nc6 6. Nge2 e5 7. dxe5 Nxe5 8. Nd4 Bd7 9. Be2 Ne7 10. O-O O-O 11. Qd2 N7c6 12. Nb3 Be6 13. Nd5 Bxd5 14. Qxd5 Nd7 15. c3 Nf6 16. Qd3 Re8 17. Bf3 Ne5 18. Bxe5 Rxe5 19. Nd2 b5 20. axb5 axb5 21. g3 Nd7 22. Bh1 Rxa1 23. Rxa1 b4 24. cxb4 Re8 25. Nc4 Ne5 26. Nxe5 Bxe5 27. f4 Bxb2 28. Ra6 Qe7 29. Bf3 Rb8 30. b5 Qe8 31. Be2 Bg7 32. Kg2 Qe7 33. Qd5 Kh8 34. Bc4 h5 35. h4 Kh7 36. Kf3 Re8 37. Bd3 Qd7 38. Kg2 Re7 39. Ra7 Qe8 40. Qc4 Qb8 41. Ra6 Qb7 42. Rc6 Qa7 43. e5 Qe3 44. Qe4 Qxe4+ 45. Bxe4 dxe5 46. f5 gxf5 47. Bxf5+ Kg8 48. Kf3 e4+ 49. Bxe4 Bd4 50. Kf4 Kg7 51. Kf3 1/2-1/2

[Event "FIDE World Junior U20-ch Girls 2025"]
[Site "Petrovac"]
[Date "2025.02.28"]
[Round "4.23"]
[White "Trifoi, Mihaela-Ioana"]
[Black "Karacsonyi, Kata"]
[Result "1/2-1/2"]
[Annotator "ChessBase"]
[ECO "B22"]
[WhiteElo "1990"]
[BlackElo "2191"]
[PlyCount "89"]
[EventDate "2025.02.23"]
[EventType "swiss"]
[EventCountry "MNE"]
[SourceTitle "playchess.com"]
[Source "ChessBase"]
[SourceQuality "1"]
[TimeControl "40/5400+30:1800+30"]

1. e4 c5 2. c3 d5 3. exd5 Qxd5 4. d4 Nc6 5. Nf3 Bg4 6. Bb5 cxd4 7. Bxc6+ Qxc6 8. cxd4 Bxf3 9. gxf3 e6 10. O-O Bd6 11. Nc3 Ne7 12. Qa4 Qxa4 13. Nxa4 Nf5 14. Be3 Nh4 15. f4 Ng6 16. Nc5 Bxf4 17. Nxb7 Rb8 18. Nc5 Bxe3 19. fxe3 Rxb2 20. Rab1 Rb6 21. a4 Ke7 22. a5 Rbb8 23. Na6 Rxb1 24. Rxb1 Rd8 25. Nc5 a6 26. Rb6 Ra8 27. Kf2 Kd8 28. Rxa6 Rxa6 29. Nxa6 Ne7 30. Nc5 Kc7 31. Ke2 Nc6 32. Nb3 g5 33. a6 Kb6 34. Nc5 Nb4 35. Ne4 h6 36. Nd6 f6 37. Ne8 Nd5 38. e4 Nf4+ 39. Kf3 f5 40. exf5 exf5 41. Ng7 Kxa6 42. Nxf5 h5 43. Ng7 Kb5 44. Nxh5 Nxh5 45. Ke4 1/2-1/2

[Event "FIDE World Junior U20-ch Girls 2025"]
[Site "Petrovac"]
[Date "2025.02.28"]
[Round "4.24"]
[White "Abdinova, Narmin"]
[Black "Liuviann, Cecilia Natalie"]
[Result "1/2-1/2"]
[Annotator "ChessBase"]
[ECO "D71"]
[WhiteElo "2186"]
[BlackElo "1964"]
[PlyCount "119"]
[EventDate "2025.02.23"]
[EventType "swiss"]
[EventCountry "MNE"]
[SourceTitle "playchess.com"]
[Source "ChessBase"]
[SourceQuality "1"]
[TimeControl "40/5400+30:1800+30"]

1. d4 Nf6 2. c4 g6 3. g3 Bg7 4. Bg2 d5 5. cxd5 Nxd5 6. e4 Nb6 7. Ne2 O-O 8. O-O Nc6 9. d5 Na5 10. Nbc3 e6 11. h3 exd5 12. exd5 c6 13. b4 Nac4 14. dxc6 bxc6 15. Qxd8 Rxd8 16. Bg5 f6 17. Bf4 Bd7 18. Rfd1 Rac8 19. Rac1 g5 20. Be3 Nxe3 21. fxe3 Nc4 22. Kf2 Ne5 23. Ne4 Rb8 24. a3 Be6 25. Nd4 Bd5 26. Nf5 Bxe4 27. Bxe4 Rxd1 28. Rxd1 Bf8 29. Rc1 a5 30. bxa5 Ra8 31. Rb1 Rxa5 32. Rb8 Rxa3 33. Nh6+ Kh8 34. Nf5 Kg8 35. Nd4 Kf7 36. Rb7+ Ke8 37. Ne6 Be7 38. Bxh7 Ra2+ 39. Kf1 c5 40. Nc7+ Kd8 41. Nd5 Bd6 42. Bf5 c4 43. Rh7 Ke8 44. Nxf6+ Kf8 45. Ne4 Be7 46. Rh8+ Kf7 47. Rc8 Ra3 48. Ke2 Ra2+ 49. Kd1 Ra3 50. Kd2 Bb4+ 51. Ke2 Ra2+ 52. Kd1 Nd3 53. Rc7+ Kf8 54. Rc8+ Ke7 55. Rc7+ Kf8 56. Rc8+ Ke7 57. Rc7+ Kf8 58. h4 gxh4 59. gxh4 Rh2 60. Be6 1/2-1/2

[Event "FIDE World Junior U20-ch Girls 2025"]
[Site "Petrovac"]
[Date "2025.02.28"]
[Round "4.25"]
[White "Lindstad, Livia"]
[Black "Smietanska, Wiktoria"]
[Result "0-1"]
[Annotator "ChessBase"]
[ECO "B51"]
[WhiteElo "2017"]
[BlackElo "2170"]
[PlyCount "94"]
[EventDate "2025.02.23"]
[EventType "swiss"]
[EventCountry "MNE"]
[SourceTitle "playchess.com"]
[Source "ChessBase"]
[SourceQuality "1"]
[TimeControl "40/5400+30:1800+30"]

1. e4 c5 2. Nf3 d6 3. Bb5+ Nd7 4. O-O a6 5. Bd3 Ngf6 6. c3 b5 7. Re1 Bb7 8. Bc2 c4 9. d4 cxd3 10. Bxd3 Nc5 11. Qc2 e6 12. b4 Nxd3 13. Qxd3 Be7 14. Nbd2 O-O 15. Bb2 Qc7 16. a4 bxa4 17. Rxa4 Nd7 18. Nb3 Nb6 19. Ra2 Nc4 20. Na5 Nxa5 21. Rxa5 Rac8 22. Rh5 Qc4 23. Qxc4 Rxc4 24. Nd2 Rc7 25. f4 Bf6 26. Re3 Rfc8 27. Rhh3 d5 28. exd5 Bxd5 29. Rd3 a5 30. bxa5 Ra7 31. Ba3 Rxa5 32. Bb4 Ra2 33. Nf3 Rc2 34. Ne1 Rc1 35. Kf2 Rc4 36. Ba3 R1xc3 37. Rxc3 Bxc3 38. Bd6 Bd2 39. Nd3 Rc2 40. Kg3 Bc3 41. Be5 Rxg2+ 42. Kh4 Ba5 43. f5 exf5 44. Kh5 Bd8 45. Bxg7 Kxg7 46. Nf4 Rg5+ 47. Kh4 Rg4+ 0-1

[Event "FIDE World Junior U20-ch Girls 2025"]
[Site "Petrovac"]
[Date "2025.02.28"]
[Round "4.26"]
[White "Cornileau, Juliette"]
[Black "Gasparyan, Milena"]
[Result "0-1"]
[Annotator "NA"]
[ECO "B12"]
[WhiteElo "2144"]
[BlackElo "1986"]
[PlyCount "104"]
[EventDate "2025.02.23"]
[EventType "swiss"]
[EventCountry "MNE"]
[SourceTitle "playchess.com"]
[Source "ChessBase"]
[SourceQuality "1"]
[TimeControl "40/5400+30:1800+30"]

1. e4 c6 2. d4 d5 3. e5 Bf5 4. h4 h5 5. Bd3 Bxd3 6. Qxd3 Qa5+ 7. b4 Qa6 8. Qb3 e6 9. a4 Qb6 10. c3 a5 11. b5 c5 12. Nf3 Nh6 13. c4 dxc4 14. Qxc4 Nd7 15. d5 Ng4 16. Bb2 exd5 17. Qxd5 c4 18. O-O Bc5 19. Bd4 Bxd4 20. Nxd4 Ndxe5 21. Nf5 Rd8 22. Qe4 g6 23. Ne3 Rd4 24. Qc2 Nxe3 25. fxe3 Rd3 26. Qf2 Qxe3 27. Re1 Qxf2+ 28. Kxf2 f6 29. Na3 Kf7 30. Re4 Rc8 31. Kg1 c3 32. Rc1 Rd2 33. Nb1 Rb2 34. Re3 c2 35. Na3 Rb4 36. Rxc2 Rxc2 37. Nxc2 Rxa4 38. Re1 Rxh4 39. Ra1 b6 40. Rd1 Rc4 41. Ne3 Rb4 42. Rd6 Rb1+ 43. Kf2 Rxb5 44. Nd5 Ng4+ 45. Kf3 Rb3+ 46. Ke2 b5 47. Ra6 a4 48. Ra7+ Ke6 49. Nc7+ Kd6 50. Ne8+ Kc5 51. Rc7+ Kb6 52. Rf7 Re3+ 0-1

[Event "FIDE World Junior U20-ch Girls 2025"]
[Site "Petrovac"]
[Date "2025.02.28"]
[Round "4.27"]
[White "Imomkuzieva, Nilufarkhon"]
[Black "Tarasenka, Aliaksandra"]
[Result "1/2-1/2"]
[Annotator "ChessBase"]
[ECO "A62"]
[WhiteElo "1983"]
[BlackElo "2139"]
[PlyCount "113"]
[EventDate "2025.02.23"]
[EventType "swiss"]
[EventCountry "MNE"]
[SourceTitle "playchess.com"]
[Source "ChessBase"]
[SourceQuality "1"]
[TimeControl "40/5400+30:1800+30"]

1. d4 Nf6 2. c4 e6 3. g3 c5 4. d5 exd5 5. cxd5 d6 6. Nc3 g6 7. Bg2 Bg7 8. Nf3 O-O 9. O-O Re8 10. Re1 a6 11. a4 Ne4 12. Nxe4 Rxe4 13. Qc2 Rb4 14. Ra2 Nd7 15. Bd2 a5 16. Bxb4 cxb4 17. Nd2 Nc5 18. Nb3 b6 19. e4 Ba6 20. Bf1 Bxf1 21. Rxf1 Rc8 22. Rc1 Qf6 23. Qe2 Re8 24. Nxc5 bxc5 25. Re1 Qd4 26. b3 Qc3 27. Qd1 h5 28. Re3 Qf6 29. Qd3 Qd8 30. Kg2 Bd4 31. Ree2 Qc7 32. Rad2 Bc3 33. Rd1 c4 34. bxc4 Rc8 35. e5 Bxe5 36. Rxe5 dxe5 37. d6 Qd7 38. Qd5 h4 39. c5 h3+ 40. Kg1 b3 41. Rb1 Qf5 42. Rxb3 Qc2 43. Qd3 Qxc5 44. d7 Rd8 45. Rc3 Rxd7 46. Rxc5 Rxd3 47. Kf1 Rd1+ 48. Ke2 Rh1 49. Rxe5 Rxh2 50. Kf3 Rh1 51. Kg4 f5+ 52. Kh4 Kg7 53. Rxa5 Rf1 54. Kxh3 Rxf2 55. g4 Rf3+ 56. Kg2 fxg4 57. Rc5 1/2-1/2

[Event "FIDE World Junior U20-ch Girls 2025"]
[Site "Petrovac"]
[Date "2025.02.28"]
[Round "4.28"]
[White "Valcu, Lavinia"]
[Black "Guo, Hanxi"]
[Result "0-1"]
[Annotator "RC"]
[ECO "B33"]
[WhiteElo "2137"]
[BlackElo "1854"]
[PlyCount "158"]
[EventDate "2025.02.23"]
[EventType "swiss"]
[EventCountry "MNE"]
[SourceTitle "playchess.com"]
[Source "ChessBase"]
[SourceQuality "1"]
[TimeControl "40/5400+30:1800+30"]

1. e4 c5 2. Nf3 Nc6 3. d4 cxd4 4. Nxd4 Nf6 5. Nc3 e5 6. Ndb5 d6 7. Nd5 Nxd5 8. exd5 Nb8 9. Qf3 a6 10. Qa3 Be7 11. Bg5 f6 12. Bd2 O-O 13. Bb4 Qd7 14. O-O-O Rd8 15. f4 b6 16. fxe5 fxe5 17. Bd2 Qb7 18. Nc3 b5 19. Qb4 Nd7 20. Be3 Nf6 21. Bd3 Bd7 22. Rhf1 Rf8 23. Qh4 Rf7 24. Bg5 Raf8 25. Bxf6 gxf6 26. Bf5 Bxf5 27. Rxf5 Qa7 28. Ne4 Qe3+ 29. Kb1 Qe2 30. Rd2 Qe3 31. Qg3+ Qxg3 32. Nxg3 Rg7 33. c3 Rc8 34. Ne4 Kf7 35. Rdf2 Rg6 36. Kc2 Rcg8 37. g3 Rh6 38. Kd3 Rf8 39. b3 Kg6 40. g4 Rh3+ 41. Ng3 Rc8 42. R5f3 Rc5 43. c4 bxc4+ 44. bxc4 Ra5 45. Rb2 Ra4 46. Rff2 Bf8 47. Kc3 Bh6 48. Rb8 Be3 49. Re2 Bc5 50. Rb7 Rh4 51. Rb8 Rh3 52. Rg2 a5 53. Rb7 Kg5 54. Rg7+ Kf4 55. Rf7 Bd4+ 56. Kd3 Ra3+ 57. Ke2 Rxa2+ 58. Kf1 Ra1+ 59. Ke2 e4 60. Rg7 f5 61. Rf7 Rxh2 62. Nh5+ Kg5 63. Rxf5+ Kh6 64. Rxh2 Ra2+ 65. Ke1 Rxh2 66. Ng3 a4 67. Nxe4 a3 68. Nd2 Bc3 69. Rf3 Bxd2+ 70. Kd1 a2 71. Ra3 Bc3 72. c5 dxc5 73. d6 Rd2+ 74. Kc1 Rxd6 75. Rxa2 Bd4 76. Rg2 Kg5 77. Kd2 c4 78. Ke2 Rf6 79. Rh2 Rf2+ 0-1

[Event "FIDE World Junior U20-ch Girls 2025"]
[Site "Petrovac"]
[Date "2025.02.28"]
[Round "4.29"]
[White "Seyilhanova, Gulmira"]
[Black "Mihelic, Vesna"]
[Result "0-1"]
[Annotator "NA"]
[ECO "A07"]
[WhiteElo "1939"]
[BlackElo "2115"]
[PlyCount "80"]
[EventDate "2025.02.23"]
[EventType "swiss"]
[EventCountry "MNE"]
[SourceTitle "playchess.com"]
[Source "ChessBase"]
[SourceQuality "1"]
[TimeControl "40/5400+30:1800+30"]

1. Nf3 d5 2. g3 Nc6 3. Bg2 e5 4. d3 Be6 5. c3 h6 6. Nbd2 Qd7 7. b4 Bd6 8. Rb1 Nf6 9. Bb2 e4 10. Ng1 exd3 11. exd3 O-O 12. Ne2 Ne5 13. Nb3 Bf5 14. Nbc1 Bg4 15. O-O Nf3+ 16. Kh1 Qf5 17. Nd4 Nxd4 18. f3 Qh5 19. Kg1 Nxf3+ 20. Bxf3 Rae8 21. Bxg4 Nxg4 22. Qd2 Re3 23. Qg2 Nxh2 24. Ne2 Rxe2 25. Rf2 Rxf2 26. Qxf2 Ng4 27. Qg2 Qe5 28. c4 Qxg3 29. Qxg3 Bxg3 30. Kg2 Be5 31. d4 Bd6 32. c5 Be7 33. Re1 Bg5 34. b5 Ne3+ 35. Kf3 Nc4 36. Bc3 f5 37. a4 Kf7 38. a5 Re8 39. b6 cxb6 40. cxb6 axb6 0-1

[Event "FIDE World Junior U20-ch Girls 2025"]
[Site "Petrovac"]
[Date "2025.02.28"]
[Round "4.30"]
[White "Sulyok, Eszter"]
[Black "Nguyen, Binh Vy"]
[Result "1-0"]
[Annotator "RC"]
[ECO "A16"]
[WhiteElo "2109"]
[BlackElo "1926"]
[PlyCount "205"]
[EventDate "2025.02.23"]
[EventType "swiss"]
[EventCountry "MNE"]
[SourceTitle "playchess.com"]
[Source "ChessBase"]
[SourceQuality "1"]
[TimeControl "40/5400+30:1800+30"]

1. c4 Nf6 2. Nc3 c5 3. e4 Nc6 4. Nge2 e6 5. d4 cxd4 6. Nxd4 Bb4 7. Nc2 Bxc3+ 8. bxc3 O-O 9. Bd3 Qa5 10. O-O b6 11. Rb1 Qh5 12. Qd2 Ba6 13. f4 d6 14. Ba3 Rfd8 15. Ne3 Rac8 16. Rf3 Qa5 17. Qb2 Nb8 18. Qb3 d5 19. Bb4 dxc4 20. Nxc4 Qh5 21. Rh3 Bxc4 22. Bxc4 Qg4 23. Be7 Rd2 24. Rg3 Qxf4 25. Rf1 Qxe4 26. Bxf6 g6 27. Bg5 Rd7 28. Bb5 Rd5 29. Qb1 Qe5 30. Bf6 Qh5 31. Bd3 Nd7 32. c4 Ra5 33. Qb2 e5 34. Bf5 Rc7 35. Bd8 Rc8 36. Be7 Rc7 37. Qd2 Rac5 38. Rg5 Qh6 39. Bxd7 Rxc4 40. Bf5 Rd4 41. Qe3 Rxe7 42. Rxg6+ Qxg6 43. Bxg6 hxg6 44. Qg5 Re6 45. Qe3 Rd7 46. h4 Rde7 47. h5 Re8 48. Rf3 R8e7 49. Rh3 Kg7 50. Qe4 Re8 51. Qh4 Rh8 52. Qg5 Rh6 53. hxg6 Rhxg6 54. Qh5 Rh6 55. Rg3+ Rhg6 56. Re3 Rh6 57. Qf5 Rhf6 58. Rg3+ Rg6 59. Rxg6+ Rxg6 60. Qxe5+ Rf6 61. Kh2 Kg6 62. Qc7 a5 63. Kg3 Kh7 64. Qc2+ Kh6 65. Kh4 Rg6 66. g4 Kg7 67. Qc3+ Kg8 68. a4 Kh7 69. Qd3 Kg7 70. Qd4+ Kh7 71. Kg3 Re6 72. Kf4 Kg8 73. Kf5 Kh7 74. Qd7 Kg7 75. g5 Rg6 76. Qe7 Re6 77. Qc7 Rg6 78. Qe5+ Kg8 79. Qd5 Kg7 80. Ke4 Re6+ 81. Kd4 Kg6 82. Kc4 Kg7 83. Kb5 Rg6 84. Ka6 Kg8 85. Qe5 Kf8 86. Qb8+ Kg7 87. Qd8 Kh7 88. Kb7 Kg7 89. Qd5 Kf8 90. Kc7 Kg7 91. Kd7 Re6 92. Qf5 Rg6 93. Ke8 Re6+ 94. Kd8 Kf8 95. Qf6 Rxf6 96. gxf6 Kg8 97. Ke7 Kh7 98. Kxf7 b5 99. axb5 a4 100. b6 a3 101. b7 a2 102. b8=Q a1=Q 103. Qh2# 1-0

[Event "FIDE World Junior U20-ch Girls 2025"]
[Site "Petrovac"]
[Date "2025.02.28"]
[Round "4.31"]
[White "Avetisyan, Ani"]
[Black "Peglau, Dora"]
[Result "1-0"]
[Annotator "ChessBase"]
[ECO "E15"]
[WhiteElo "1904"]
[BlackElo "2134"]
[PlyCount "181"]
[EventDate "2025.02.23"]
[EventType "swiss"]
[EventCountry "MNE"]
[SourceTitle "playchess.com"]
[Source "ChessBase"]
[SourceQuality "1"]
[TimeControl "40/5400+30:1800+30"]

1. d4 Nf6 2. c4 e6 3. Nf3 b6 4. g3 Ba6 5. Qa4 Bb7 6. Bg2 Be7 7. O-O O-O 8. Rd1 c5 9. dxc5 bxc5 10. Nc3 Qb6 11. Bf4 d6 12. Rab1 Ne4 13. Nd2 Nxd2 14. Rxd2 Bxg2 15. Kxg2 Rd8 16. Qb5 Nc6 17. Rbd1 Qxb5 18. Nxb5 Nd4 19. Nc3 Rab8 20. g4 e5 21. Bg3 f6 22. e3 Ne6 23. b3 Kf7 24. h4 g6 25. f4 Nc7 26. g5 Ke6 27. gxf6 Bxf6 28. Ne4 exf4 29. Bxf4 Bxh4 30. Rxd6+ Rxd6 31. Rxd6+ Kf5 32. Nxc5 Re8 33. Kf3 Ne6 34. Nxe6 Rxe6 35. e4+ Kf6 36. Rd7 Re7 37. Rd8 g5 38. e5+ Ke6 39. Rd6+ Kf7 40. Bh2 Be1 41. Kg4 Bb4 42. Rc6 Bd2 43. Kf5 h5 44. e6+ Kg7 45. Be5+ Kh6 46. Rc8 Bb4 47. Bf6 g4 48. Rh8+ Rh7 49. Rg8 Rb7 50. e7 Rxe7 51. Bxe7 Bxe7 52. Rg6+ Kh7 53. Rc6 Kg7 54. Rg6+ Kh7 55. a4 a5 56. Re6 Bc5 57. Kf4 Bf2 58. Kg5 g3 59. Kxh5 Kg7 60. Rg6+ Kf7 61. c5 Ke7 62. c6 Kd8 63. Rg7 Kc8 64. Kh6 Be3+ 65. Kh7 Bf4 66. Kg8 Be5 67. Rg6 Kc7 68. Kf7 Bd6 69. Ke6 Kxc6 70. Rg4 Bb8 71. Rc4+ Kb7 72. Kd5 Ba7 73. Rg4 Bf2 74. Kc4 Be1 75. Kc5 Kc8 76. Rg7 Kb8 77. Kd5 Kc8 78. Ke4 Kd8 79. Kf3 Ke8 80. Ke2 Bf2 81. Rg5 Kf7 82. Rxa5 Kf6 83. Kf3 Be1 84. Rb5 Ke6 85. a5 Kd6 86. a6 Bf2 87. Rb7 Kc6 88. b4 Bb6 89. Rxb6+ Kxb6 90. b5 Kxb5 91. a7 1-0

[Event "FIDE World Junior U20-ch Girls 2025"]
[Site "Petrovac"]
[Date "2025.02.28"]
[Round "4.32"]
[White "Canino, Ruelle"]
[Black "Braeutigam, Katerina"]
[Result "0-1"]
[Annotator "ChessBase"]
[ECO "A21"]
[WhiteElo "2179"]
[BlackElo "1981"]
[PlyCount "114"]
[EventDate "2025.02.23"]
[EventType "swiss"]
[EventCountry "MNE"]
[SourceTitle "playchess.com"]
[Source "ChessBase"]
[SourceQuality "1"]
[TimeControl "40/5400+30:1800+30"]

1. c4 e5 2. Nc3 d6 3. Nf3 f5 4. d3 Nf6 5. g3 Be7 6. Bg2 O-O 7. O-O Qe8 8. Rb1 Qh5 9. b4 Nc6 10. b5 Nd8 11. Nd5 Nxd5 12. cxd5 Nf7 13. Ba3 Bd8 14. Nd2 f4 15. d4 fxg3 16. fxg3 Bg4 17. Rf2 Bg5 18. Nc4 exd4 19. Qxd4 Bxe2 20. Bb2 Bf6 21. Rxf6 gxf6 22. Qxf6 Qg6 23. Rc1 Qxf6 24. Bxf6 Nd8 25. Bb2 Bf3 26. Ne3 Bxg2 27. Kxg2 Re8 28. Kf3 Re7 29. Nf5 Rd7 30. Kf4 Nf7 31. Re1 Ne5 32. Bxe5 dxe5+ 33. Rxe5 a6 34. a4 axb5 35. axb5 Ra5 36. Nd4 Ra4 37. Ke3 Kf7 38. h4 Re7 39. Ne6 Kf6 40. Rg5 Rb4 41. g4 h6 42. Rf5+ Kg6 43. h5+ Kh7 44. Re5 Kh8 45. Kf3 Rxb5 46. Ke4 Rd7 47. Nd4 Rb4 48. Re6 c5 49. Rxh6+ Rh7 50. Rd6 Rxd4+ 51. Kf5 Rf7+ 52. Ke6 Rg7 53. Rd8+ Kh7 54. Rc8 b6 55. Rc6 Rgxg4 56. Rxb6 Rg5 57. d6 Rgd5 0-1

[Event "FIDE World Junior U20-ch Girls 2025"]
[Site "Petrovac"]
[Date "2025.02.28"]
[Round "4.33"]
[White "Bochnickova, Simona"]
[Black "Petricenco, Ana"]
[Result "0-1"]
[Annotator "ChessBase"]
[ECO "B90"]
[WhiteElo "2171"]
[BlackElo "1973"]
[PlyCount "88"]
[EventDate "2025.02.23"]
[EventType "swiss"]
[EventCountry "MNE"]
[SourceTitle "playchess.com"]
[Source "ChessBase"]
[SourceQuality "1"]
[TimeControl "40/5400+30:1800+30"]

1. e4 c5 2. Nf3 d6 3. d4 cxd4 4. Nxd4 Nf6 5. Nc3 a6 6. h3 e5 7. Nde2 h5 8. g3 Be7 9. Bg2 b5 10. Nd5 Nxd5 11. Qxd5 Ra7 12. Be3 Rb7 13. Qd2 Nd7 14. O-O O-O 15. b3 Nf6 16. a4 Be6 17. axb5 axb5 18. Nc3 Qc8 19. Kh2 b4 20. Nd5 Nxd5 21. exd5 Bf5 22. Ra2 Bd8 23. Rc1 Bb6 24. Bf1 Qc7 25. Rca1 Be4 26. Bc4 h4 27. g4 f5 28. Bxb6 Qxb6 29. Ra6 Qd4 30. Qxd4 exd4 31. g5 Bxc2 32. R6a2 d3 33. Rc1 Re7 34. Raxc2 dxc2 35. Rxc2 f4 36. Rc1 f3 37. Rg1 Re4 38. g6 Rf6 39. Rg5 Rd4 40. Kg1 Rd1+ 41. Kh2 Rf4 42. Bb5 Re4 43. Rf5 Ree1 44. Bf1 Rd2 0-1

[Event "FIDE World Junior U20-ch Girls 2025"]
[Site "Petrovac"]
[Date "2025.02.28"]
[Round "4.34"]
[White "Zhou, Shumeng"]
[Black "Mickunaite, Agne"]
[Result "1-0"]
[Annotator "NA"]
[ECO "B36"]
[WhiteElo "2049"]
[BlackElo "1918"]
[PlyCount "81"]
[EventDate "2025.02.23"]
[EventType "swiss"]
[EventCountry "MNE"]
[SourceTitle "playchess.com"]
[Source "ChessBase"]
[SourceQuality "1"]
[TimeControl "40/5400+30:1800+30"]

1. e4 c5 2. Nf3 Nc6 3. d4 cxd4 4. Nxd4 g6 5. c4 Nf6 6. Nc3 Nxd4 7. Qxd4 d6 8. Be3 Bg7 9. Be2 O-O 10. Qd2 Be6 11. Rc1 Qa5 12. O-O Rfc8 13. b3 Qd8 14. f4 Bd7 15. Kh1 Bc6 16. Bd3 a5 17. Bb1 Qd7 18. a4 b6 19. Bd4 Qb7 20. Nd5 Bxd5 21. exd5 Qc7 22. Rce1 Re8 23. Qb2 Rab8 24. Rf3 Qd7 25. f5 g5 26. Qd2 h6 27. h4 g4 28. Rg3 Kh7 29. h5 Rg8 30. Rxg4 Bh8 31. Rxg8 Rxg8 32. Qe3 Rg4 33. Bc3 Rg5 34. Qxe7 Qxe7 35. Rxe7 Kg8 36. Rb7 Bg7 37. Rb8+ Kh7 38. Rxb6 Rxh5+ 39. Kg1 Rg5 40. Rxd6 Ne4 41. f6 1-0

[Event "FIDE World Junior U20-ch Girls 2025"]
[Site "Petrovac"]
[Date "2025.02.28"]
[Round "4.35"]
[White "Shohradova, Leyla"]
[Black "Huseynova, Lala"]
[Result "1-0"]
[Annotator "NA"]
[ECO "E11"]
[WhiteElo "1986"]
[BlackElo "2032"]
[PlyCount "71"]
[EventDate "2025.02.23"]
[EventType "swiss"]
[EventCountry "MNE"]
[SourceTitle "playchess.com"]
[Source "ChessBase"]
[SourceQuality "1"]
[TimeControl "40/5400+30:1800+30"]

1. d4 d5 2. c4 e6 3. Nf3 Nf6 4. g3 Bb4+ 5. Bd2 Be7 6. Bg2 c6 7. O-O Nbd7 8. Qc2 b6 9. Bf4 Bb7 10. Rd1 O-O 11. Ne5 Rc8 12. Nc3 Nh5 13. Bc1 g6 14. Bh6 Ng7 15. Rac1 Re8 16. cxd5 cxd5 17. Qa4 Nxe5 18. dxe5 Bc6 19. Qa6 Nf5 20. Bf4 g5 21. e4 gxf4 22. exf5 exf5 23. Qd3 Bg5 24. h4 Bh6 25. Rc2 Rxe5 26. Qd4 Re6 27. Ne2 fxg3 28. Nxg3 Qf6 29. Bxd5 Re1+ 30. Kh2 Qxd4 31. Rxd4 Bg7 32. Rdc4 Bxd5 33. Rxc8+ Bf8 34. Rd8 Be6 35. Nh5 Re5 36. f4 1-0

[Event "FIDE World Junior U20-ch Girls 2025"]
[Site "Petrovac"]
[Date "2025.02.28"]
[Round "4.36"]
[White "Karacsonyi, Luca"]
[Black "Djerroud, Chahrazed"]
[Result "0-1"]
[Annotator "NA"]
[ECO "C47"]
[WhiteElo "2026"]
[BlackElo "1914"]
[PlyCount "54"]
[EventDate "2025.02.23"]
[EventType "swiss"]
[EventCountry "MNE"]
[SourceTitle "playchess.com"]
[Source "ChessBase"]
[SourceQuality "1"]
[TimeControl "40/5400+30:1800+30"]

1. e4 e5 2. Nf3 Nc6 3. Nc3 Nf6 4. Nd5 d6 5. d4 Bg4 6. Bb5 a6 7. Bxc6+ bxc6 8. Nb4 Qd7 9. dxe5 Nxe4 10. O-O d5 11. Nd3 Nc5 12. e6 Nxe6 13. Nde5 Bxf3 14. Qxf3 Qe7 15. Re1 Qf6 16. Qc3 Bc5 17. Be3 d4 18. Bxd4 Bxd4 19. Qxc6+ Ke7 20. Ng4 Qf4 21. Rad1 Rhd8 22. Re4 Qd6 23. Qa4 Qd5 24. Re5 Bxf2+ 25. Kxf2 Qxd1 26. Ne3 Qd2+ 27. Kg3 Kf8 0-1